 Dungeon Crawl Stone Soup version 0.24.0-1-gfbc8707 (webtiles) character file.

Game seed: 14471792942464592660, levelgen mode: deterministic

7944 Blackhawk the Fighter (level 11, -2/72 HPs)
             Began as a Gargoyle Fighter on Oct 28, 2019.
             Was a High Priest of Okawaru.
             Slain by a death yak (14 damage)
             ... on level 8 of the Dungeon.
             The game lasted 00:18:17 (9416 turns).

Blackhawk the Fighter (Gargoyle Fighter)            Turns: 9416, Time: 00:18:18

Health: -2/72      AC: 26    Str: 26    XL:     11   Next: 23%
Magic:  11/11      EV: 18    Int: 10    God:    Okawaru [*****.]
Gold:   610        SH: 12    Dex:  9    Spells: 10/10 levels left

rFire    . . .     SeeInvis .   o - +1 hand axe (vamp)
rCold    + . .     Gourm    .   c - +0 shield
rNeg     + + +     Faith    .   N - +5 ring mail of Rationality {rElec rN+ MR+ Str+4}
rPois    ∞         Spirit   .   x - +0 helmet
rElec    +         Reflect  .   (no cloak)
rCorr    .         Harm     .   V - +0 pair of gloves "Zenn" {rC+ rN+}
MR       +....                  q - +2 pair of boots
Stlth    ..........             k - amulet of the acrobat
HPRegen  0.22/turn              O - +6 ring of evasion
MPRegen  0.12/turn              H - +3 ring of evasion

@: no status effects
A: negative energy resistance 1, electricity resistance, unbreathing,
petrification resistance, rot immunity, AC +8
a: Heroism, Finesse, Renounce Religion


You were on level 8 of the Dungeon.
You worshipped Okawaru.
Okawaru was extremely pleased with you.
You were not hungry.

You visited 2 branches of the dungeon, and saw 12 of its levels.

You collected 610 gold pieces.

Inventory:

Hand Weapons
 a - a +0 war axe
 o - a +1 vampiric hand axe (weapon)
Missiles
 P - a throwing net (quivered)
Armour
 b - a +0 scale mail
 c - a +0 shield (worn)
 m - a +2 pair of gloves
 q - a +2 pair of boots (worn)
 x - a +0 helmet (worn)
 I - a +0 plate armour
 K - a +0 pair of boots
 N - the +5 ring mail of Rationality (worn) {rElec rN+ MR+ Str+4}
   (You found it on level 7 of the Dungeon)

   It affects your strength (+4).
   It insulates you from electricity.
   It protects you from negative energy.
   It affects your resistance to hostile enchantments.
 V - the +0 pair of gloves "Zenn" (worn) {rC+ rN+}
   (Okawaru gifted it to you on level 8 of the Dungeon)

   It protects you from cold.
   It protects you from negative energy.
Jewellery
 k - an amulet of the acrobat (around neck)
 l - an uncursed ring of protection from cold
 u - a +2 ring of slaying
 w - an uncursed amulet of rage
 z - an uncursed ring of see invisible
 H - a +3 ring of evasion (right hand)
 O - a +6 ring of evasion (left hand)
 S - the ring of Foluetu {rPois rCorr Str+2}
   (You found it on level 9 of the Dungeon)

   [ring of resist corrosion]

   It affects your strength (+2).
   It protects you from poison.
   It provides partial protection from all sources of acid and corrosion.
Wands
 t - a wand of paralysis (6)
 B - a wand of polymorph (10)
 C - a wand of acid (8)
 D - a wand of flame (37)
Scrolls
 e - 10 scrolls of identify
 h - 5 scrolls of remove curse
 j - 4 scrolls of magic mapping {unknown}
 n - 3 scrolls of noise {unknown}
 p - 2 scrolls of amnesia {unknown}
 s - 2 scrolls of fear {unknown}
 y - a scroll of immolation {unknown}
 A - 2 scrolls of enchant weapon {unknown}
 G - 4 scrolls of teleportation {unknown}
 J - a scroll of silence {unknown}
 L - a scroll of enchant armour {unknown}
 R - a scroll of torment {unknown}
 T - a scroll of summoning {unknown}
Potions
 d - a potion of might
 g - 4 potions of curing {unknown}
 i - a potion of degeneration {unknown}
 r - 2 potions of haste {unknown}
 v - a potion of magic {unknown}
 E - a potion of lignification {unknown}
 F - a potion of brilliance {unknown}
 M - 2 potions of ambrosia {unknown}
 Q - a potion of mutation {unknown}
 U - a potion of flight {unknown}
Comestibles
 f - 17 rations


   Skills:
 + Level 10.0 Fighting
 + Level 8.1 Axes
 + Level 10.0 Armour
 + Level 9.9 Shields


You had 10 spell levels left.
You didn't know any spells.
Your spell library contained the following spells:

 Spells                   Type           Power        Failure   Level  Hunger
 Corona                   Hex            #......      71%         1    ##.....
 Slow                     Hex            #.......     83%         2    ###....
 Inner Flame              Hex/Fire       #.......     97%         3    ####...
 Portal Projectile        Hex/Tloc       #.....       97%         3    ####...
 Cause Fear               Hex            #.........   100%        4    #####..
 Leda's Liquefaction      Hex/Erth       #.........   100%        4    #####..


Dungeon Overview and Level Annotations

Branches:
Dungeon (11/15)            Temple (1/1) D:4            Lair (0/6) D:9
    Orc: D:9-12

Altars:
Cheibriados
Dithmenos
Gozag
Hepliaklqana
Makhleb
Okawaru
Qazlal
Ru
Sif Muna
Trog
Uskayaw
Vehumet
Xom
Yredelemnul
Zin
The Shining One

Shops:
D:9 *

Annotations:
D:7 2 transporters, Blackhawk's ghost, novice GrFi


Innate Abilities, Weirdness & Mutations

You are resistant to torment.
Your stone body is resilient. (AC +8)
You are immune to poison.
You resist negative energy. (rN+)
You are resistant to electric shocks. (rElec)
You can survive without breathing.
You are immune to petrification.
You are immune to rotting.


Message History

The death yak misses you.
You completely miss the death yak.
The death yak is heavily wounded.
You block the death yak's attack.
You hit the death yak.
You feel better.
The death yak is heavily wounded.
The death yak gores you.
* * * LOW HITPOINT WARNING * * *
You barely miss the death yak.
The death yak is heavily wounded.
The death yak barely misses you.
You barely miss the death yak.
The death yak is heavily wounded.
The death yak gores you but does no damage.
You hit the death yak.
The death yak is heavily wounded.
You slash the death yak!
The death yak is severely wounded.
The death yak gores you!
You die...

##........###..
#.............. ###
#.......)...... #.##
##..........### ##.##
##..#...#### #..#
#####....#####
##.#######.......###..#
##.##..........##....##
#......@Y....##......#
##..........###......#
##........## #......#
#.......### #......#
##........###))....#
#...#'#....#.)....#
#####.#####..)...##
##.........##.....####
###..#######..###......#


You could see a death yak.

Vanquished Creatures
  2 two-headed ogres
  Pikel (D:4)
  Prince Ribbit (D:9)
  3 hungry ghosts
  Duvessa (D:5)
  8 orc warriors
  2 slaves (D:4)
  2 black bears (D:9)
  2 ice beasts
  2 sky beasts (D:7)
  A necrophage (D:11)
  4 phantoms
  2 ogres (D:4)
  An eye of draining (D:11)
  3 centaurs
  2 big kobolds
  6 bullfrogs
  Dowan (D:5)
  5 scorpions
  3 killer bees (D:7)
  5 wights
  2 bullfrog zombies
  3 howler monkeys (D:9)
  A lava snake (D:9)
  7 crimson imps
  A quasit (D:10)
  6 jellies
  3 orc priests
  6 hounds
  12 orc wizards
  4 bullfrog skeletons
  A centaur skeleton (D:5)
  10 worker ants
  3 iguanas
  A hound zombie (D:5)
  2 worker ant zombies (D:7)
  A gnoll (D:1)
  16 adders
  A shadow imp (D:6)
  5 oozes (D:8)
  2 dart slugs (D:1)
  7 leopard geckos
  49 orcs
  7 giant cockroaches
  11 goblins
  10 hobgoblins
  6 jackals
  3 quokkas
  A ball python (D:2)
  A ball python skeleton (D:4)
  7 bats
  2 frilled lizards
  A jackal skeleton (D:4)
  12 kobolds
  7 rats
268 creatures vanquished.

Vanquished Creatures (others)
  A slave (D:5)
  Blork the orc (D:5)
  An orc priest (D:5)
  Ijyb (D:5)
  An ooze (D:5)
  A quokka (D:5)
6 creatures vanquished.

Grand Total: 274 creatures vanquished

Notes
Turn   | Place    | Note
-------+----------+-------------------------------------------
     0 | D:1      | Blackhawk the Gargoyle Fighter began the quest for the Orb.
     0 | D:1      | Reached XP level 1. HP: 14/14 MP: 1/1
   144 | D:1      | Reached XP level 2. HP: 14/19 MP: 2/2
   460 | D:1      | Reached XP level 3. HP: 23/23 MP: 3/3
   811 | D:2      | Noticed an earth elemental
   813 | D:2      | Found a stormy altar of Qazlal.
   881 | D:2      | Reached XP level 4. HP: 29/29 MP: 4/4
  1478 | D:2      | Noticed a water elemental
  1478 | D:2      | Noticed a fire elemental
  1478 | D:2      | Noticed an air elemental
  1798 | D:3      | Reached XP level 5. HP: 33/33 MP: 5/5
  1961 | D:3      | Found a sacrificial altar of Ru.
  2059 | D:3      | Became a worshipper of Ru the Awakened
  2312 | D:3      | Found a shimmering altar of Xom.
  2569 | D:4      | Found a staircase to the Ecumenical Temple.
  2592 | Temple   | Entered the Ecumenical Temple
  2681 | Temple   | Fell from the grace of Ru
  2681 | Temple   | Became a worshipper of Warmaster Okawaru
  3003 | D:3      | Reached XP level 6. HP: 21/39 MP: 6/6
  3319 | D:4      | Reached skill level 5 in Armour
  3342 | D:4      | Reached skill level 5 in Shields
  3389 | D:4      | Reached * piety under Okawaru
  3389 | D:4      | Reached skill level 5 in Fighting
  3389 | D:4      | Reached XP level 7. HP: 44/44 MP: 7/7
  3807 | D:5      | Entered Level 5 of the Dungeon
  3821 | D:5      | Noticed Blork the orc
  3825 | D:5      | Noticed Pikel
  3825 | D:5      | Noticed Ijyb
  3996 | D:4      | Killed Pikel
  3996 | D:4      | Reached XP level 8. HP: 49/51 MP: 8/8
  4029 | D:5      | Killed Blork the orc
  4032 | D:5      | Killed Ijyb
  4209 | D:4      | Reached ** piety under Okawaru
  4209 | D:4      | Reached skill level 5 in Axes
  4440 | D:5      | Found a bloodstained altar of Trog.
  4497 | D:5      | Noticed Duvessa
  4518 | D:5      | Killed Duvessa
  4518 | D:5      | Reached XP level 9. HP: 57/57 MP: 9/9
  4568 | D:5      | Noticed Dowan
  4601 | D:5      | Killed Dowan
  4682 | D:5      | Found a burning altar of Makhleb.
  5200 | D:6      | Reached *** piety under Okawaru
  5310 | D:6      | Found the +0 staff of Battle
  5537 | D:6      | Found a hide-covered altar of Uskayaw.
  5895 | D:7      | Found a transporter.
  5897 | D:7      | Found a transporter.
  5897 | D:7      | Noticed Blackhawk's ghost (novice GrFi)
  6276 | D:7      | Found a shadowy altar of Dithmenos.
  6293 | D:7      | Got a faintly humming ring mail
  6294 | D:7      | Identified the +5 ring mail of Rationality {rElec rN+ MR+
                  | Str+4} (You found it on level 7 of the Dungeon)
  6375 | D:7      | Reached XP level 10. HP: 59/64 MP: 10/10
  6558 | D:7      | Reached **** piety under Okawaru
  7263 | D:8      | You fall into a shaft and drop 3 floors!
  7269 | D:11     | Noticed a two-headed ogre
  7299 | D:11     | Killed a two-headed ogre
  7350 | D:10     | Entered Level 10 of the Dungeon
  7824 | D:9      | Reached ***** piety under Okawaru
  7933 | D:9      | Got a bound steel ring
  7934 | D:9      | Identified the ring of Foluetu {rPois rCorr Str+2} (You
                  | found it on level 9 of the Dungeon)
  8382 | D:9      | Noticed a death yak
  8383 | D:9      | Noticed a death yak
  8592 | D:8      | Noticed a two-headed ogre
  8605 | D:8      | Killed a two-headed ogre
  8605 | D:8      | Received a gift from Okawaru
  8605 | D:8      | Reached XP level 11. HP: 72/72 MP: 11/11
  8608 | D:8      | Got a pair of ancient gloves {god gift}
  8619 | D:8      | Identified the +0 pair of gloves "Zenn" {rC+ rN+} (Okawaru
                  | gifted it to you on level 8 of the Dungeon)
  8636 | D:8      | Found a stormy altar of Qazlal.
  8636 | D:8      | Found a faded altar of an unknown god.
  8643 | D:8      | Found a glowing golden altar of the Shining One.
  8645 | D:8      | Found a faded altar of an unknown god.
  8647 | D:8      | Found a snail-covered altar of Cheibriados.
  9297 | D:9      | Noticed Prince Ribbit
  9318 | D:9      | Found Ahenidd's General Store.
  9333 | D:9      | Killed Prince Ribbit
  9333 | D:9      | Reached skill level 10 in Fighting
  9351 | D:9      | Noticed a death yak
  9352 | D:9      | Found a staircase to the Lair.
  9352 | D:9      | Noticed a death yak
  9352 | D:9      | Noticed a death yak
  9353 | D:9      | Noticed a death yak
  9353 | D:9      | Noticed a death yak
  9363 | D:9      | Reached skill level 10 in Armour
  9416 | D:8      | Slain by a death yak

Levels and vault maps discovered:
D:1:      nicolae_arrival_washed_ashore, layout_basic, hangedman_decor_points,
          minmay_vboxes
D:2:      layout_basic, nicolae_qazlal_style_of_elements
D:3:      layout_loops_corners, lemuel_coloured_pillars_altar, tgw_xom,
          minmay_misc_feat_enclosed
D:4:      layout_cave_pools, minmay_temple_entry_purple_smoke, first_ration,
          grunt_ministairs_8, wad_floor_pattern_2
D:5:      layout_cave_pools, bloody_makhleb, bloody_trog, uniq_pikel,
          uniq_duvessa, uniq_ijyb, uniq_blork_the_orc
D:6:      layout_loops_cross, nicolae_overflow_crystal_walls
D:7:      layout_loops_corners, kennysheep_mini, gammafunk_ghost_arena
D:8:      layout_cave_pods, chequers_temple_overflow_minitemple, special_room
          [special_room_orc], hangedman_little_slice_of_home
D:9:      layout_loops_ring, dpeg_lair_monsters, serial_shops, shop,
          kennysheep_generic_room_6, uniq_prince_ribbit1
D:10:     layout_basic, minmay_misc_feat_plants, uniq_nergalle, uniq_erica
D:11:     layout_small_grid
Temple:   dpeg_chambers_temple

Skill      XL: |  1  2  3  4  5  6  7  8  9 10 11 |
---------------+----------------------------------+-----
Axes           | 2 3 4 5 6 7 8 |  8.1
Armour         | 4 5 6 7 8 9 10 | 10.0
Shields        | 4 5 6 7 8 9 |  9.9
Fighting       | 4 5 6 7 8 9 10 | 10.0

Action                   |  1- 3 |  4- 6 |  7- 9 | 10-12 || total
-------------------------+-------+-------+-------+-------++-------
Melee: War axe           |    82 |    61 |       |       ||   143
       Hand axe          |       |   146 |   708 |   763 ||  1617
Invok: Heroism           |       |       |     2 |     1 ||     3
  Use: Scroll            |       |       |     2 |     2 ||     4
 Stab: Distracted        |       |       |     2 |       ||     2
  Eat: Chunk             |       |     8 |    12 |    12 ||    32
       Ration            |       |       |       |     3 ||     3
Armor: Scale mail        |    48 |   112 |   130 |       ||   290
       Plate armour      |       |       |   296 |       ||   296
       Ring mail         |       |       |    15 |   216 ||   231
Dodge: Dodged            |    33 |    84 |   175 |   444 ||   736
Block: Shield            |    47 |   103 |   402 |   463 ||  1015
